 Dungeon Crawl Stone Soup version 0.29.1-1-gd02db6906a (webtiles) character file.

Game seed: 5723654024761173487

141 Hadkhar the Gusty (level 5, -4/28 HPs)
             Began as a Tengu Air Elementalist on Oct 3, 2022.
             Killed from afar by an orc wizard (10 damage)
             ... with a puff of flame
             ... on level 3 of the Dungeon.
             The game lasted 00:19:09 (3557 turns).

Hadkhar the Gusty (Tengu Air Elementalist)          Turns: 3557, Time: 00:19:09

Health: -4/28      AC:  3    Str:  8    XL:     5   Next: 24%
Magic:  4/10       EV: 15    Int: 17    God:
Gold:   67         SH:  0    Dex: 15    Spells: 8/9 levels left

rFire   . . .      SeeInvis .   f - +0 short sword
rCold   . . .      Faith    .   (no shield)
rNeg    . . .      Spirit   .   a - +0 robe
rPois   .          Reflect  .   (helmet restricted)
rElec   .          Harm     .   e - +0 cloak
rCorr   .          Rampage  .   (no gloves)
Will    .....                   (boots unavailable)
Stlth   ++........              (no amulet)
HPRegen 0.09/turn               (no ring)
MPRegen 0.12/turn               (no ring)

@: flying quickly and evasively, quick
A: beak, talons 3, nimble flight
a: no special abilities


You were on level 3 of the Dungeon.
You visited 1 branch of the dungeon, and saw 3 of its levels.

You collected 67 gold pieces.

Inventory:

Hand Weapons
 f - a +0 short sword (weapon)
Missiles
 l - 4 poisoned darts
Armour
 a - a +0 robe (worn)
 e - a +0 cloak (worn)
 m - a +0 leather armour
Magical Staves
 g - a staff of cold
Wands
 s - a wand of charming (1)
Scrolls
 k - a scroll of fear {unknown}
 n - 2 scrolls of amnesia {unknown}
 o - 5 scrolls of identify {unknown}
 p - a scroll of summoning {unknown}
 t - a scroll of blinking {unknown}
Potions
 b - a potion of magic
 c - a potion of degeneration {unknown}
 d - 2 potions of heal wounds {unknown}
 h - a potion of berserk rage {unknown}
 i - 2 potions of curing {unknown}
 j - a potion of flight {unknown}
 q - 2 potions of haste {unknown}
 r - a potion of might {unknown}


   Skills:
 + Level 0.7 Short Blades
 + Level 3.4 Dodging
 - Level 2.2 Stealth
 + Level 2.9 Spellcasting
 - Level 3.0 Conjurations
 + Level 5.1 Air Magic


You had 8 spell levels left.
You knew the following spells:

 Your Spells              Type           Power      Damage    Failure   Level
a - Shock                 Conj/Air       64%        1d7       3%          1

Your spell library contained the following spells:

 Spells                   Type           Power      Damage    Failure   Level
 Static Discharge         Conj/Air       16%        3-5/arc   4%          2
 Swiftness                Air            19%        N/A       6%          3
 Airstrike                Air            9%         2d(2-18)  22%         4
 Tukima's Dance           Hex            2%         N/A       47%         3
 Passage of Golubria      Tloc           2%         N/A       87%         4
 Alistair's Intoxication  Tmut/Pois      1%         N/A       99%         5
 Borgnjor's Vile Clutch   Necr/Erth      1%         N/A       99%         5
 Yara's Violent Unravell  Hex/Tmut       1%         3d3       99%         5
 Eringya's Noxious Bog    Tmut/Pois      1%         N/A       100%        6


Dungeon Overview and Level Annotations

Branches:
Dungeon (3/15)

Altars:


Innate Abilities, Weirdness & Mutations

You have a beak for a mouth.
You have claws for feet.
Your magical nature lets you fly swiftly and evasively.


Message History

The orc completely misses you.
Aiming: Shock (safe; 3% risk of failure)
Press: ? - help, Q - select action, (/) - cycle Shift-Dir - straight line The zap hits the orc.
The orc is moderately wounded.
The orc closely misses you.
Aiming: Shock (safe; 3% risk of failure)
Press: ? - help, Q - select action, (/) - cycle Shift-Dir - straight line The zap hits the orc.
The orc is severely wounded.
The orc closely misses you.
You hit the orc.
You kill the orc!
You hit the hobgoblin but do no damage. Your peck misses the hobgoblin.
The hobgoblin hits you.
* * * LOW HITPOINT WARNING * * *
You barely miss the hobgoblin. You claw the hobgoblin.
The hobgoblin is almost dead.
The hobgoblin hits you.
* * * LOW HITPOINT WARNING * * *
Aiming: Shock (safe; 3% risk of failure)
Press: ? - help, Q - select action, (/) - cycle Shift-Dir - straight line The zap misses the hobgoblin.
The hobgoblin hits you.
* * * LOW HITPOINT WARNING * * *
Aiming: Shock (safe; 3% risk of failure)
Press: ? - help, Q - select action, (/) - cycle Shift-Dir - straight line The zap hits the hobgoblin.
You kill the hobgoblin!
You start resting.
An adder comes into view.
Aiming: Shock (safe; 3% risk of failure)
Press: ? - help, Q - select action, (/) - cycle Shift-Dir - straight line, f - adder
Aim: an adder (wandering, hasn't noticed you, 53% to hit)
Okay, then.
An orc wizard comes into view.
It is wielding a +2 short sword of venom.
The orc wizard shouts!
The orc wizard gestures at you while chanting.
The puff of flame hits you!
You die...

#.## ... ...## #.#
###..###.#... #.#
....... ####.# ##....
##....# ###...#
#..#### #...o.# ##.##
####...<.#
#..#######.......##
####........@.##....#
#.....##########....#
#.....# #..[.#
####### #....# ######


You could see an orc wizard.

Vanquished Creatures
  An orc priest (D:3)
  3 adders (D:2)
  3 worms (D:2)
  A dart slug (D:1)
  3 orcs (D:3)
  4 ball pythons
  7 bats
  7 endoplasms
  5 giant cockroaches
  9 goblins
  4 hobgoblins
  5 jackals (D:1)
  5 kobolds
  2 quokkas (D:2)
  4 frilled lizards
  5 rats
68 creatures vanquished.

Notes
Turn   | Place    | Note
-------+----------+-------------------------------------------
     0 | D:1      | Hadkhar the Tengu Air Elementalist began the quest for the
                  | Orb.
     0 | D:1      | Reached XP level 1. HP: 10/10 MP: 4/4
   171 | D:1      | Reached XP level 2. HP: 4/15 MP: 4/6
  1046 | D:1      | Reached XP level 3. HP: 19/19 MP: 2/7
  1243 | D:1      | Found a faded altar of an unknown god.
  2317 | D:2      | Reached XP level 4. HP: 24/24 MP: 2/8
  3514 | D:3      | Reached skill level 5 in Air Magic
  3514 | D:3      | Gained mutation: Your magical nature lets you fly swiftly
                  | and evasively. [Tengu growth]
  3514 | D:3      | Reached XP level 5. HP: 9/28 MP: 4/10
  3557 | D:3      | Killed from afar by an orc wizard

Illustrated notes

Levels and vault maps discovered:
D:1:      ncdulo_smallfort, layout_loops_ring, chequers_ecumenical_altar_island,
          minivault_11, minivault_27, chequers_serial_rivers_micro_d,
          st_stairs_3, hangedman_feature_mirror
D:2:      layout_rooms, hangedman_decor_points, minmay_door_square,
          minmay_pentomino_w4
D:3:      layout_rooms, serial_shops, nicolae_shop_waterfront

Skill      XL: |  1  2  3  4 |
---------------+-------------+-----
Conjurations   | 2 3 |  3.0
Dodging        | 3 |  3.4
Air Magic      | 5 |  5.1
Short Blades   | |  0.7
Stealth        | |  2.2
Spellcasting   | |  2.9

Action                   |  1- 3 |  4- 6 || total
-------------------------+-------+-------++-------
Melee: Spear             |    13 |       ||    13
       Kick              |    11 |     5 ||    16
       Short sword       |    39 |    27 ||    66
       Peck              |     9 |     5 ||    14
       Punch             |     1 |       ||     1
 Cast: Shock             |    60 |    44 ||   104
Armor: Robe              |    17 |     9 ||    26
Dodge: Dodged            |    33 |    25 ||    58
